 Dungeon Crawl Stone Soup version 0.31-a0-232-gb1c03b2570 (webtiles) character file.

Game seed: 14325084591694681311

60 qw the Shooter (level 3, -2/29 HPs)
             Began as a Minotaur Hexslinger on July 7, 2023.
             Killed by divine providence
             ... invoked by an orc priest
              (10 damage)
             ... on level 3 of the Dungeon.
             The game lasted 00:00:41 (1548 turns).

qw the Shooter (Minotaur Hexslinger)                Turns: 1548, Time: 00:00:42

Health: -2/29      AC:  5    Str: 12    XL:     3   Next: 82%
Magic:  3/3        EV: 16    Int: 10    God:
Gold:   122        SH:  0    Dex: 20    Spells: 3/4 levels left

rFire   . . .        Y - +1 sling
rCold   . . .        (no shield)
rNeg    . . .        a - +0 ring mail
rPois   .            (helmet restricted)
rElec   .            (no cloak)
rCorr   .            (no gloves)
SInv    .            (no boots)
Will    .....        (no amulet)
Stlth   +            b - +6 ring of dexterity
HPRegen 0.24/turn    j - +5 ring of evasion
MPRegen 0.08/turn

%: no passive effects
@: no status effects
A: horns 2, retaliatory headbutt
a: no special abilities


You were on level 3 of the Dungeon.
You visited 1 branch of the dungeon, and saw 3 of its levels.

You collected 122 gold pieces.


Innate Abilities, Weirdness & Mutations

You have a pair of horns on your head.
You reflexively headbutt those who attack you in melee.


   Skills:
 - Level 2.0 Fighting
 + Level 4.2 Ranged Weapons
 - Level 1.0 Armour
 - Level 2.1 Dodging
 - Level 1.0 Spellcasting
 - Level 2.0 Hexes


You had 3 spell levels left.
You knew the following spells:

 Your Spells              Type           Power      Damage    Failure   Level
a - Slow                  Hex            16%        N/A       34%         1

Your spell library contained the following spells:

 Spells                   Type           Power      Damage    Failure   Level
 Inner Flame              Hex/Fire       2%         N/A       83%         3
 Portal Projectile        Hex/Tloc       4%         N/A       83%         3
 Cause Fear               Hex            2%         N/A       98%         4

Inventory:

Hand Weapons
 Y - a +1 sling (weapon)
Armour
 a - a +0 ring mail (worn)
 e - a +0 pair of boots
Jewellery
 b - a +6 ring of dexterity (left hand)
 j - a +5 ring of evasion (right hand)
Scrolls
 f - a scroll of identify {unknown}
 g - a scroll of fog {unknown}
Potions
 c - a potion of enlightenment {unknown}
 d - a potion of curing {unknown}
 h - a potion of magic {unknown}
 l - a potion of brilliance {unknown}

Dungeon Overview and Level Annotations

Branches:
Dungeon (3/15)

Altars:


Message History

An orc comes into view. It is wielding a +0 club.
You shoot a sling bullet.
The sling bullet closely misses the orc priest.
An orc priest comes into view. It is wielding a +0 hand axe.
You shoot a sling bullet. The orc priest shouts!
The sling bullet hits the orc priest but does no damage.
The orc priest is almost dead.
The orc priest mumbles some strange prayers to Beogh against you.
Pain shoots through your body!
You shoot a sling bullet.
The sling bullet hits the orc priest but does no damage.
The orc priest is almost dead.
An orc comes into view. It is wielding a +0 dagger.
The orc priest hits you with a +0 whip. x2
An orc comes into view. It is wielding a +0 whip.
The orc moves out of view.
You shoot a sling bullet.
The sling bullet completely misses the orc priest.
The sling bullet hits the orc.
The orc is lightly wounded.
The orc closely misses you. You furiously retaliate!
You headbutt the orc.
The orc priest invokes the aid of Beogh against you.
Beogh smites you!
You shoot a sling bullet.
The sling bullet closely misses the orc priest.
The sling bullet completely misses the orc.
The sling bullet hits the orc priest!
The orc priest is heavily wounded.
You shoot a sling bullet. The sling bullet hits the orc.
You kill the orc!
You hear a shout!
You shoot a sling bullet. The orc shouts!
The sling bullet hits the orc priest.
The orc priest is almost dead.
The orc hits you but does no damage.
The orc priest invokes the aid of Beogh against you.
Beogh smites you!
You die...

... ....###############
#.oooo@..........#
#.#....o)..........#
.#.#................#
.....############'####
....##..............#
###.>................# #
#....................#
.###.###..................#
...........%..............#


You could see 2 orc priests and 3 orcs.

Vanquished Creatures
  A worm (D:2)
  3 dart slugs
  6 orcs (D:3)
  3 ball pythons
  3 bats
  2 endoplasms
  4 giant cockroaches
  3 goblins
  2 hobgoblins
  6 kobolds
  3 quokkas
  A frilled lizard (D:1)
  4 rats
41 creatures vanquished.

Notes
Turn   | Place    | Note
-------+----------+-------------------------------------------
     0 | D:1      | qw the Minotaur Hexslinger began the quest for the Orb.
     0 | D:1      | Reached XP level 1. HP: 16/16 MP: 1/1
     0 | D:1      | 0 ||| qw: Version: 0.3-a-46-gb1f654a
     0 | D:1      | 0 ||| qw: Game counter: 2225
     0 | D:1      | 0 ||| qw: Melee chars always use a shield: true
     0 | D:1      | 0 ||| qw: God list: Okawaru
     0 | D:1      | 0 ||| qw: Allow faded altars: false
     0 | D:1      | 0 ||| qw: Do Orc after clearing Dungeon:15 true
     0 | D:1      | 0 ||| qw: Do second Lair branch before Depths: true
     0 | D:1      | 0 ||| qw: Lair rune preference: random
     0 | D:1      | 0 ||| qw: Goals: Normal
     0 | D:1      | 0 ||| PLANNING D:1-11
    67 | D:1      | Reached skill level 3 in Ranged Weapons
    70 | D:1      | Reached XP level 2. HP: 18/23 MP: 2/2
   573 | D:1      | 573 ||| UPGRADING to +0 leather armour.
   583 | D:1      | 583 ||| DROPPING +0 robe.
   584 | D:1      | 584 ||| UPGRADING to ring of poison resistance.
   585 | D:1      | 585 ||| UPGRADING to +5 ring of evasion.
   586 | D:1      | 586 ||| READING scroll labelled NETHRU ROEW.
   587 | D:1      | 587 ||| READING scroll labelled QADUUD TUAMA.
   590 | D:1      | 590 ||| READING scroll labelled ANLEASAFAI.
   591 | D:1      | 591 ||| READING scroll labelled OLERRI ZUNUACH.
   592 | D:1      | 592 ||| READING 3 scrolls labelled KOYLOUHEIGO.
   593 | D:1      | 593 ||| DROPPING scroll of poison.
   594 | D:1      | 594 ||| DROPPING 2 scrolls of vulnerability.
   659 | D:2      | Reached XP level 3. HP: 29/29 MP: 3/3
   731 | D:2      | 731 ||| FLEEEEING.
   732 | D:2      | 732 ||| FLEEEEING.
   733 | D:2      | 733 ||| FLEEEEING.
   734 | D:2      | 734 ||| FLEEEEING.
   735 | D:2      | 735 ||| FLEEEEING.
   736 | D:2      | 736 ||| FLEEEEING.
   737 | D:2      | 737 ||| FLEEEEING.
   738 | D:2      | 738 ||| FLEEEEING.
   739 | D:2      | 739 ||| FLEEEEING.
   740 | D:2      | 740 ||| FLEEEEING.
   741 | D:2      | 741 ||| FLEEEEING.
   742 | D:2      | 742 ||| FLEEEEING.
   743 | D:2      | 743 ||| FLEEEEING.
   744 | D:2      | 744 ||| FLEEEEING.
   745 | D:2      | 745 ||| FLEEEEING.
   746 | D:2      | 746 ||| STAIRDANCE
   756 | D:1      | 756 ||| UPGRADING to +0 ring mail.
   766 | D:1      | 766 ||| DROPPING +0 leather armour.
   767 | D:1      | 767 ||| UPGRADING to +6 ring of dexterity.
   769 | D:1      | 769 ||| DROPPING ring of poison resistance.
   770 | D:1      | 770 ||| DRINKING 2 puce potions.
   771 | D:1      | 771 ||| DROPPING potion of attraction.
   775 | D:2      | 775 ||| STAIRDANCE
  1137 | D:2      | 1137 ||| READING scroll labelled SOALIQ ZIEBBI.
  1311 | D:3      | Found a faded altar of an unknown god.
  1321 | D:3      | Reached skill level 4 in Ranged Weapons
  1336 | D:3      | Reached skill level 1 in Armour
  1545 | D:3      | HP: 7/29 [orc priest/divine providence (11)]
  1548 | D:3      | Killed from afar by an orc priest

Levels and vault maps discovered:
D:1:      dpeg_arrival_tiny_d, layout_loops_cross
D:2:      layout_basic, minmay_pentomino_r4
D:3:      layout_basic, ebering_ecumenical_altar_box,
          minmay_misc_feat_nine_boxes

Skill      XL: |  1  2  3 |
---------------+----------+-----
Ranged Weapons | 3 4 |  4.2
Fighting       | 2 |  2.0
Armour         | 1 |  1.0
Dodging        | |  2.1
Spellcasting   | |  1.0
Hexes          | |  2.0

Action                     || total
---------------------------++-------
   Fire: Sling             ||   137
    Use: Scroll            ||     6
         Potion            ||     1
 Armour: Leather armour    ||     5
         Ring mail         ||    10
  Dodge: Dodged            ||    29

Table legend:
 A = Non-vault XP
 B = Vault XP
 C = Vault XP percentage of total XP
 D = Non-vault monster count
 E = Vault monster count
 F = Vault count percentage of total count
                 A         B        C        D         E       F
            +---------+---------+-------+---------+---------+-------
      Total |      82 |       5 |   5.7 |      37 |       4 |   9.8
            +---------+---------+-------+---------+---------+-------
        D:1 |      35 |       2 |   5.4 |      17 |       2 |  10.5
        D:2 |      20 |       3 |  13.0 |       9 |       2 |  18.2
        D:3 |      27 |       0 |   0.0 |      11 |       0 |   0.0
            +---------+---------+-------+---------+---------+-------
